[Event "Titled Tuesday Blitz February 15 Early 2022"]
[White "Urbina Perez, Juan Antonio"]
[Black "Mischuk, Dmitry"]
[WhiteFideId "2217368"]
[BlackFideId "14118734"]
[WhiteElo "2192"]
[BlackElo "2256"]
[Result "1-0"]
[Round "06"]
[TimeControl "180+1"]
[Date "2022.02.15"]
[WhiteClock "0:00:03"]
[BlackClock "0:00:01"]

1. d4 Nf6 2. Nf3 e6 3. c4 Nc6 4. g3 Bb4+ 5. Bd2 a5 6. Bg2 d5 7. Qc2 O-O 8. O-O Ne4 9. Bxb4 Nxb4 10. Qc1 dxc4 11. Qxc4 b6 12. Re1 Ba6 13. Qc1 Bb7 14. a3 Nc6 15. e3 Ne7 16. Nc3 Nxc3 17. Qxc3 Rc8 18. Rac1 c5 19. dxc5 Rxc5 20. Qb3 Bd5 21. Qa4 Qc7 22. Rxc5 Qxc5 23. Qd4 Rc8 24. Qxc5 Rxc5 25. Nd4 e5 26. Nf3 f6 27. Nd2 Rc2 28. Bxd5+ Nxd5 29. Rd1 Rxb2 30. Nc4 Rb5 31. Nd6 Nc3 32. Rd3 Rb1+ 33. Kg2 Nb5 34. Nc8 Kf7 35. Nxb6 Ra1 36. Nc4 a4 37. Rd7+ Ke6 38. Rxg7 Kd5 39. Nb6+ Ke4 40. Nxa4 Rxa3 41. Nc5+ Kd5 42. Nd7 Ke6 43. Rxh7 Nc3 44. Nf8+ Kf5 45. Kf3 e4+ 46. Kg2 Ra2 47. Rh5+ Kg4 48. Rc5 f5 49. h3+ Kg5 50. Ne6+ Kf6 51. Nd4 Nd1 52. Rxf5+ Kg6 53. Kf1 Ra1 54. Ke2 Nc3+ 55. Kd2 Nb1+ 56. Kc2 1-0


[Site "https://www.chess.com"]

[Event "Titled Tuesday Blitz February 15 Early 2022"]
[White "Van den Dikkenberg, Erik"]
[Black "Vusatiuk, Vladimir"]
[WhiteFideId "1005880"]
[BlackFideId "14118610"]
[WhiteElo "2118"]
[BlackElo "2157"]
[Result "0-1"]
[Round "06"]
[TimeControl "180+1"]
[Date "2022.02.15"]
[WhiteClock "0:00:51"]
[BlackClock "0:00:08"]

1. e4 Nc6 2. d4 d5 3. e5 Bf5 4. c3 e6 5. Nf3 h6 6. a3 a5 7. Bd3 Bxd3 8. Qxd3 Nge7 9. O-O a4 10. Bf4 Na5 11. Nbd2 Qd7 12. Rfb1 Nec6 13. h3 Be7 14. Bg3 O-O 15. Bf4 Nb3 16. Nxb3 axb3 17. Re1 Na5 18. Nd2 b6 19. Re3 c5 20. Rg3 Kh8 21. Qe3 g5 22. Bxg5 Bxg5 23. Rxg5 hxg5 24. Qxg5 f6 25. exf6 Qf7 26. Nf3 Qxf6 27. Qh5+ Kg8 28. Re1 Ra7 29. Re5 Rg7 30. Rg5 Rxg5 31. Nxg5 Qxf2+ 32. Kh2 Qf4+ 33. Kg1 Qf5 34. Kh2 Rf6 35. Kg1 Rg6 36. Qh6 Rxh6 0-1


[Site "https://www.chess.com"]

[Event "Titled Tuesday Blitz February 15 Early 2022"]
[White "Vargas Pereda, Jesus Manue"]
[Black "Viskelis, Darius"]
[WhiteFideId "5115710"]
[BlackFideId "12800830"]
[WhiteElo "1767"]
[BlackElo "1999"]
[Result "0-1"]
[Round "06"]
[TimeControl "180+1"]
[Date "2022.02.15"]
[WhiteClock "0:01:23"]
[BlackClock "0:01:31"]

1. d4 d5 2. Bf4 Nf6 3. Nf3 e6 4. e3 Bd6 5. Bxd6 Qxd6 6. Ne5 Qb4+ 7. Nd2 Qxb2 8. Bd3 O-O 9. O-O Nbd7 10. f4 Qc3 11. Rb1 Qa3 12. Qf3 g6 13. Qh3 b6 14. Ndf3 Ba6 15. Ng5 h5 16. Nxe6 Bxd3 17. cxd3 fxe6 18. Qxe6+ Kg7 19. Qe7+ Qxe7 0-1


[Site "https://www.chess.com"]

[Event "Titled Tuesday Blitz February 15 Early 2022"]
[White "Varney, Zoe"]
[Black "Allahverdiyeva, Ayan"]
[WhiteFideId "436135"]
[BlackFideId "13412590"]
[WhiteElo "1808"]
[BlackElo "1910"]
[Result "1-0"]
[Round "06"]
[TimeControl "180+1"]
[Date "2022.02.15"]
[WhiteClock "0:00:15"]
[BlackClock "0:00:03"]

1. e4 c5 2. Nf3 a6 3. c3 Nf6 4. Bd3 d5 5. e5 Nfd7 6. Bc2 e6 7. d4 Nc6 8. O-O cxd4 9. cxd4 Nb4 10. Bb3 a5 11. a3 Na6 12. Ng5 h6 13. Qh5 g6 14. Qh3 Nb6 15. Bc2 Bg7 16. Nxf7 Kxf7 17. Qf3+ Ke7 18. Bxg6 Qf8 19. Qg3 Kd7 20. f4 Kc7 21. f5 exf5 22. e6+ Kc6 23. Rxf5 Bxd4+ 24. Kh1 Qc5 25. Nd2 Bxe6 26. Nb3 Qc4 27. Nxd4+ Qxd4 28. Be3 Qxb2 29. Rc1+ Qxc1+ 30. Bxc1 Bxf5 31. Bxf5 Rae8 32. Qg6+ Kc7 33. Bf4+ Kd8 34. Qd6+ 1-0


[Site "https://www.chess.com"]

[Event "Titled Tuesday Blitz February 15 Early 2022"]
[White "Viani Antonio Dcunha"]
[Black "Jones, Gawain C B"]
[WhiteFideId "5027330"]
[BlackFideId "409561"]
[WhiteElo "2366"]
[BlackElo "2657"]
[Result "1-0"]
[Round "06"]
[TimeControl "180+1"]
[Date "2022.02.15"]
[WhiteClock "0:00:12"]
[BlackClock "0:00:03"]

1. e4 e5 2. Nf3 Nc6 3. Bc4 Nf6 4. d3 Bc5 5. O-O d6 6. Nc3 a6 7. a4 h6 8. Be3 O-O 9. d4 exd4 10. Nxd4 Ng4 11. Nxc6 Qh4 12. Ne7+ Kh8 13. h3 Nxe3 14. fxe3 Bxe3+ 15. Kh2 Qxe7 16. Qh5 Be6 17. Nd5 Qg5 18. Qe2 Qe5+ 19. Kh1 Ba7 20. Nxc7 Bxc4 21. Qxc4 Rac8 22. Rxf7 d5 23. Qxd5 Qxb2 24. Raf1 Rxf7 25. Qxf7 Bd4 26. Ne6 Bf6 27. c4 Qe5 28. c5 Rc6 29. Nf4 Rc8 30. Ng6+ Kh7 31. Nxe5 Bxe5 32. Qf5+ Kh8 33. Qxc8+ 1-0


[Site "https://www.chess.com"]

[Event "Titled Tuesday Blitz February 15 Early 2022"]
[White "Vidit, Santosh Gujrathi"]
[Black "Sokolovsky, Yahli"]
[WhiteFideId "5029465"]
[BlackFideId "2820242"]
[WhiteElo "2654"]
[BlackElo "1770"]
[Result "1-0"]
[Round "06"]
[TimeControl "180+1"]
[Date "2022.02.15"]
[WhiteClock "0:00:57"]
[BlackClock "0:00:02"]

1. Nf3 d5 2. g3 c6 3. Bg2 g6 4. O-O Bg7 5. d3 e5 6. e4 Ne7 7. Re1 d4 8. a4 O-O 9. Na3 c5 10. Nc4 Nbc6 11. Rf1 h6 12. Nh4 Be6 13. b3 Qd7 14. f4 Bh3 15. f5 Bxg2 16. Kxg2 gxf5 17. Nxf5 Nxf5 18. Rxf5 Ne7 19. Rh5 Qe6 20. g4 Ng6 21. Qf3 b6 22. Qf5 Qe7 23. Kh1 Rab8 24. Bxh6 Bxh6 25. Rxh6 a6 26. Nxe5 Kg7 27. Nxg6 Qd6 28. Nxf8 Qxh6 29. Qe5+ 1-0


[Site "https://www.chess.com"]

[Event "Titled Tuesday Blitz February 15 Early 2022"]
[White "Vifleemskaia, Svetlana"]
[Black "Gabdrakhmanov, Azat"]
[WhiteFideId "4129490"]
[BlackFideId "34189197"]
[WhiteElo "1901"]
[BlackElo "2279"]
[Result "0-1"]
[Round "06"]
[TimeControl "180+1"]
[Date "2022.02.15"]
[WhiteClock "0:00:22"]
[BlackClock "0:00:14"]

1. d4 Nf6 2. c4 g6 3. Nc3 Bg7 4. e4 O-O 5. Nge2 c5 6. d5 d6 7. Ng3 e6 8. Be2 exd5 9. cxd5 h5 10. Bg5 Nbd7 11. Qd2 Qe8 12. O-O Nh7 13. Bh6 h4 14. Bxg7 Kxg7 15. Nh1 Ndf6 16. f3 a6 17. a4 Bd7 18. Nf2 h3 19. g4 Rb8 20. a5 Rh8 21. Nxh3 Qe5 22. Qf4 Qd4+ 23. Nf2 g5 24. Qxd6 Nf8 25. Rfd1 Qb4 26. Nd3 Qd4+ 27. Nf2 Qb4 28. Nd3 Qd4+ 29. Kg2 Ng6 30. Qg3 Qe3 31. Qf2 Nf4+ 32. Nxf4 Rxh2+ 33. Kxh2 Qxf2+ 0-1


[Site "https://www.chess.com"]

[Event "Titled Tuesday Blitz February 15 Early 2022"]
[White "Visakh N R"]
[Black "Nesterov, Arseniy"]
[WhiteFideId "25012223"]
[BlackFideId "24198455"]
[WhiteElo "2454"]
[BlackElo "2489"]
[Result "1/2-1/2"]
[Round "06"]
[TimeControl "180+1"]
[Date "2022.02.15"]
[WhiteClock "0:01:01"]
[BlackClock "0:00:07"]

1. e4 e5 2. Nf3 Nc6 3. Bb5 a6 4. Ba4 b5 5. Bb3 Na5 6. O-O d6 7. d4 exd4 8. Nxd4 Bb7 9. Bd2 Nxb3 10. axb3 Nf6 11. Re1 Be7 12. Nf5 O-O 13. Bg5 Re8 14. Qf3 Bxe4 15. Rxe4 Nxe4 16. Bxe7 Rxe7 17. Nc3 d5 18. Qg4 Qf8 19. Nxe7+ Qxe7 20. Nxd5 Qe5 21. Re1 Qxd5 22. Qxe4 Qxe4 23. Rxe4 Kf8 1/2-1/2


[Site "https://www.chess.com"]

[Event "Titled Tuesday Blitz February 15 Early 2022"]
[White "Vivas Zamora, Fabian Ernesto"]
[Black "Karabalis, Harilos"]
[WhiteFideId "3902480"]
[BlackFideId "4621808"]
[WhiteElo "1966"]
[BlackElo "2168"]
[Result "0-1"]
[Round "06"]
[TimeControl "180+1"]
[Date "2022.02.15"]
[WhiteClock "0:00:01"]
[BlackClock "0:01:43"]

1. c4 Nf6 2. Nc3 c5 3. Nf3 d5 4. cxd5 Nxd5 5. e4 Nc7 6. d4 cxd4 7. Qxd4 Qxd4 8. Nxd4 a6 9. Bf4 Ne6 10. Nd5 Nxd4 11. Nc7+ Kd8 12. O-O-O Nc6 13. Nxa8 f6 14. Bc7+ Ke8 15. Bb6 e5 16. Nc7+ Kd7 17. Bc4 Bd6 18. Be6+ Nxe6 19. Nd5 Ned4 20. Rd2 Ke8 21. Rhd1 Be6 22. Ne3 Ke7 23. b3 Rc8 24. Kb2 Bb4 25. Rd3 Ke8 26. Nd5 Bd6 27. f4 Bf7 28. g3 Bg6 29. f5 Bf7 30. a3 Bxd5 31. exd5 Ne7 32. Bxd4 exd4 33. Re1 Be5 34. Re4 Rd8 35. Rde3 dxe3+ 0-1


[Site "https://www.chess.com"]

[Event "Titled Tuesday Blitz February 15 Early 2022"]
[White "Voege, Tobias"]
[Black "Srihari L R"]
[WhiteFideId "1270513"]
[BlackFideId "46617116"]
[WhiteElo "2335"]
[BlackElo "2121"]
[Result "1/2-1/2"]
[Round "06"]
[TimeControl "180+1"]
[Date "2022.02.15"]
[WhiteClock "0:00:43"]
[BlackClock "0:00:58"]

1. d4 f5 2. c4 Nf6 3. g3 g6 4. Bg2 Bg7 5. Nf3 O-O 6. O-O d6 7. d5 a5 8. Nc3 Na6 9. Nd4 Nc5 10. b3 Rb8 11. Bb2 Kh8 12. Qd2 Qe8 13. Rae1 e5 14. dxe6 Nxe6 15. Nxe6 Bxe6 16. Nd5 Bxd5 17. cxd5 a4 18. f3 axb3 19. axb3 Nd7 20. e4 fxe4 21. Rxe4 Qf7 22. Rfe1 Rbe8 23. Bxg7+ Kxg7 24. Re6 Nc5 25. Qc3+ Kg8 26. Rxe8 Rxe8 27. b4 Na4 28. Rxe8+ Qxe8 29. Qxc7 Qe3+ 30. Kf1 Qd3+ 31. Kg1 Qd4+ 32. Kf1 Nc3 33. Qd8+ Kg7 34. Qe7+ Kg8 35. Qe6+ Kg7 36. Qe7+ Kg8 37. Qe8+ Kg7 38. Qe7+ 1/2-1/2


[Site "https://www.chess.com"]

[Event "Titled Tuesday Blitz February 15 Early 2022"]
[White "Vokhidov, Shamsiddin"]
[Black "Atakhan, Abtin"]
[WhiteFideId "14204223"]
[BlackFideId "22502203"]
[WhiteElo "2611"]
[BlackElo "2119"]
[Result "1-0"]
[Round "06"]
[TimeControl "180+1"]
[Date "2022.02.15"]
[WhiteClock "0:00:25"]
[BlackClock "0:00:02"]

1. e4 c6 2. d4 d5 3. e5 Bf5 4. h4 h5 5. Bd3 Bxd3 6. Qxd3 e6 7. Bg5 Qa5+ 8. Nd2 Qa6 9. c4 Nd7 10. Ngf3 Bb4 11. O-O Nh6 12. Rfd1 Nf5 13. b3 O-O 14. Nf1 Rfc8 15. Ng3 Nxg3 16. fxg3 Ba3 17. Be3 Nf8 18. Rf1 Be7 19. Bg5 Rc7 20. Rf2 c5 21. Bxe7 Rxe7 22. Ng5 dxc4 23. bxc4 Rd8 24. Qf3 Rdd7 25. d5 Qxc4 26. d6 Re8 27. Nxf7 Nh7 28. Qxh5 Rf8 29. Ng5 Nxg5 30. Rxf8+ Kxf8 31. Rf1+ Qxf1+ 32. Kxf1 Nf7 33. Ke2 c4 34. Qg4 Nxe5 35. Qxe6 Rd8 36. Qe7+ 1-0


[Site "https://www.chess.com"]

[Event "Titled Tuesday Blitz February 15 Early 2022"]
[White "Vovk, Orest"]
[Black "Hamitevici, Vladimir"]
[WhiteFideId "14113490"]
[BlackFideId "13902393"]
[WhiteElo "2203"]
[BlackElo "2359"]
[Result "1-0"]
[Round "06"]
[TimeControl "180+1"]
[Date "2022.02.15"]
[WhiteClock "0:00:05"]
[BlackClock "0:00:07"]

1. h4 e5 2. h5 d5 3. h6 Nxh6 4. d4 e4 5. Bxh6 gxh6 6. e3 c6 7. c4 Qb6 8. Qb3 Be6 9. Nc3 Nd7 10. Nge2 dxc4 11. Qxb6 axb6 12. Nf4 b5 13. Nxe6 fxe6 14. Nxe4 Nb6 15. Rh5 Nd5 16. a3 Kf7 17. g3 Rg8 18. Rc1 Rg4 19. f3 Rg6 20. Kf2 Ra4 21. Bh3 b4 22. Rxc4 b5 23. Rxc6 bxa3 24. bxa3 Rxa3 25. Rxe6 Ra2+ 26. Ke1 Nxe3 27. Nd6+ Kg8 28. Rxe3 Ra1+ 29. Kf2 Rxd6 30. Rxb5 Rxd4 31. Be6+ Kg7 32. f4 Rd2+ 33. Kf3 Rf1+ 34. Kg4 Rfd1 35. Rb7+ Kh8 36. Bf5 Rd8 37. Rxh7+ Kg8 38. Rb7 Rh1 39. Be6+ Kh8 40. Kf5 Rg1 41. g4 Rf1 42. g5 Rd4 43. Re4 Rxe4 44. Kxe4 hxg5 45. fxg5 Rg1 46. Kf5 Rf1+ 47. Kg6 Re1 48. Rh7# 1-0


[Site "https://www.chess.com"]

[Event "Titled Tuesday Blitz February 15 Early 2022"]
[White "Wartiovaara, Oliver"]
[Black "Gulatz, Maurice"]
[WhiteFideId "513024"]
[BlackFideId "24642746"]
[WhiteElo "1971"]
[BlackElo "2150"]
[Result "0-1"]
[Round "06"]
[TimeControl "180+1"]
[Date "2022.02.15"]
[WhiteClock "0:00:01"]
[BlackClock "0:00:16"]

1. e4 c6 2. d4 d5 3. e5 Bf5 4. Nd2 e6 5. Nb3 Nd7 6. Nf3 Ne7 7. Be2 h6 8. O-O g5 9. a4 Bg6 10. a5 Nf5 11. Ne1 Bg7 12. f4 Qe7 13. Nd3 O-O 14. Bd2 Rfc8 15. Qc1 gxf4 16. Bxf4 Kh7 17. Qd2 b6 18. c3 c5 19. Nf2 cxd4 20. cxd4 f6 21. exf6 Nxf6 22. Bd3 h5 23. Nh3 Ne4 24. Bxe4 dxe4 25. Ng5+ Kg8 26. Nxe4 Qd7 27. Be5 Bxe5 28. dxe5 Qxd2 29. Nbxd2 Kg7 30. axb6 axb6 31. Rxa8 Rxa8 32. Nc4 b5 33. Ncd6 Nd4 34. Ng5 Ra2 35. Rd1 Nc6 36. Nxe6+ Kh6 37. Nxb5 Nxe5 38. Rd2 Ng4 39. Nc3 Ra1+ 40. Rd1 Ra8 41. h3 Ne3 42. Re1 Nc4 43. Re2 Nd6 44. Nf4 Bf5 45. Nfd5 Nc4 46. Rf2 Kg5 47. g4 hxg4 48. hxg4 Kxg4 49. Rg2+ Kh3 50. Rh2+ Kg3 51. Rg2+ Kf3 52. Rf2+ Kg4 53. Rg2+ Kh5 54. Rh2+ Kg5 55. Rg2+ Kh6 56. Rh2+ Kg6 57. Rg2+ Kf7 58. Rf2 Ke6 59. Nf4+ Ke5 60. Nfe2 Bd3 61. Ng3 Ne3 62. Nf1 Rg8+ 63. Ng3 Rxg3+ 64. Kh2 Rg8 65. Rd2 Nf1+ 0-1


[Site "https://www.chess.com"]

[Event "Titled Tuesday Blitz February 15 Early 2022"]
[White "Yang, Kaiqi"]
[Black "Kamsky, Gata"]
[WhiteFideId "8604398"]
[BlackFideId "2000024"]
[WhiteElo "2373"]
[BlackElo "2645"]
[Result "1/2-1/2"]
[Round "06"]
[TimeControl "180+1"]
[Date "2022.02.15"]
[WhiteClock "0:00:10"]
[BlackClock "0:00:16"]

1. c4 e5 2. Nc3 Nc6 3. Nf3 Nf6 4. e4 d6 5. h3 Nd4 6. d3 c5 7. Be2 Be7 8. Bg5 O-O 9. Bxf6 Bxf6 10. O-O Nxe2+ 11. Qxe2 g6 12. Ne1 Bg5 13. Nc2 f5 14. exf5 gxf5 15. Nd5 f4 16. Ne1 Bf5 17. Nf3 Kh8 18. Kh2 Bh6 19. Rg1 Qd7 20. Nd2 Rf7 21. Ne4 Raf8 22. Qf3 Bg6 23. Rab1 Rf5 24. Qd1 Bh5 25. f3 Bg5 26. Nxg5 Rxg5 27. Nc3 Bg6 28. Ne4 Rh5 29. b4 b6 30. bxc5 dxc5 31. Qe2 Bf5 32. Nf2 Qg7 33. Ng4 Re8 34. Rge1 Bg6 35. Qb2 Rg5 36. Re2 h5 37. Nf2 Bf5 38. Ne4 Rg6 39. Rbe1 Rg8 40. Rg1 Kh7 41. a4 Qe7 42. Nf2 Re6 43. Ne4 Qh4 44. Qd2 Reg6 45. Qe1 Qd8 46. Nf2 Qh4 47. Ne4 Qd8 48. Nf2 Qh4 49. Ne4 1/2-1/2


[Site "https://www.chess.com"]

[Event "Titled Tuesday Blitz February 15 Early 2022"]
[White "Yuan, Qingyu"]
[Black "Poormosavi, Seyed Kian"]
[WhiteFideId "8609772"]
[BlackFideId "12585807"]
[WhiteElo "2359"]
[BlackElo "2116"]
[Result "0-1"]
[Round "06"]
[TimeControl "180+1"]
[Date "2022.02.15"]
[WhiteClock "0:00:01"]
[BlackClock "0:00:09"]

1. Nf3 Nf6 2. g3 b6 3. Bg2 Bb7 4. O-O g6 5. d3 Bg7 6. e4 O-O 7. e5 Ne8 8. Nbd2 d6 9. d4 c5 10. c3 Nc6 11. e6 fxe6 12. Ng5 Nc7 13. dxc5 bxc5 14. Nxe6 Nxe6 15. Qb3 Qc8 16. Re1 Kf7 17. Nf3 h6 18. Nh4 c4 19. Qxc4 Nd8 20. Qd3 Bxg2 21. Qxg6+ Kg8 22. Kxg2 Qc5 23. Rxe6 Qxf2+ 24. Kh3 Qf1+ 25. Kg4 Nxe6 26. Qxe6+ Rf7 27. b3 Rf8 28. Bb2 Qf6 29. Qxf6 Rxf6 30. Kh3 Rf2 31. Ba3 Bxc3 32. Rc1 Bf6 33. Ng6 Rf7 34. Nf4 Rxa2 35. Rc8+ Kg7 36. Bc1 Bg5 37. Ne6+ Kf6 38. Nxg5 hxg5 39. Kg4 Rxh2 40. Bxg5+ Ke6 41. Bf4 Rb2 42. Rb8 a5 43. Rb5 a4 44. bxa4 Rxb5 45. axb5 Rf5 46. b6 Rb5 47. Be3 Ke5 48. Kf3 Rb3 49. g4 d5 50. Ke2 d4 51. Bd2 Rxb6 52. Kd3 Rb3+ 53. Kc4 Rg3 54. g5 Ke4 55. Bc1 e5 56. Bd2 Rg2 57. Bb4 d3 58. Kb3 Rxg5 0-1


[Site "https://www.chess.com"]

[Event "Titled Tuesday Blitz February 15 Early 2022"]
[White "Zavivaeva, Emilia"]
[Black "Klyashtorny, Vladislav"]
[WhiteFideId "34127531"]
[BlackFideId "4170938"]
[WhiteElo "1685"]
[BlackElo "2380"]
[Result "0-1"]
[Round "06"]
[TimeControl "180+1"]
[Date "2022.02.15"]
[WhiteClock "0:00:01"]
[BlackClock "0:00:16"]

1. e4 e5 2. Nf3 Nc6 3. Nc3 Nf6 4. d4 exd4 5. Nxd4 Bb4 6. Nxc6 bxc6 7. Bd3 O-O 8. O-O Re8 9. Bg5 h6 10. Bh4 g5 11. Bg3 Bxc3 12. bxc3 Nxe4 13. Qh5 Kg7 14. Rae1 Nf6 15. Qf3 d6 16. Qxc6 Bd7 17. Qf3 Rb8 18. c4 Bg4 19. Qc6 Rb6 20. Qa4 Rxe1 21. Rxe1 Qb8 22. c3 Rb2 23. c5 Rd2 24. Bc2 Qb2 25. Bb3 Qxc3 26. cxd6 cxd6 27. Qxa7 Bh5 28. h3 Rxa2 29. Bxa2 Qxe1+ 30. Kh2 Ne4 31. Qd4+ Kg8 32. Bxd6 Nxf2 33. Qd5 Qh1+ 34. Kg3 Qg1 35. Be5 Nh1# 0-1


[Site "https://www.chess.com"]

[Event "Titled Tuesday Blitz February 15 Early 2022"]
[White "Aaditya Dhingra"]
[Black "Tregubov, Pavel V."]
[WhiteFideId "25678191"]
[BlackFideId "4115341"]
[WhiteElo "1789"]
[BlackElo "2341"]
[Result "1-0"]
[Round "07"]
[TimeControl "180+1"]
[Date "2022.02.15"]
[WhiteClock "0:00:04"]
[BlackClock "0:00:15"]

1. e4 c5 2. Nf3 e6 3. d4 cxd4 4. Nxd4 Nc6 5. Nb5 Nf6 6. N1c3 Bb4 7. Nd6+ Ke7 8. Bf4 e5 9. Nf5+ Kf8 10. Bg5 d5 11. exd5 Bxf5 12. dxc6 bxc6 13. Bd3 Bxd3 14. Qxd3 Qxd3 15. cxd3 Nd5 16. Bd2 Rb8 17. O-O-O f6 18. Ne4 Kf7 19. g3 Rhd8 20. a3 Be7 21. Ba5 Rd7 22. d4 f5 23. Nc3 e4 24. Ne2 Rb3 25. Kc2 Rdb7 26. Rb1 Rf3 27. Rhf1 e3 28. Be1 exf2 29. Rxf2 Rxf2 30. Bxf2 Bf6 31. Nc3 Re7 32. Nxd5 cxd5 33. Kd3 Rb7 34. b4 Rc7 35. Kd2 Rc4 36. Kd3 Ke6 37. a4 Kd7 38. a5 a6 39. b5 axb5 40. Rxb5 Ra4 41. Rxd5+ Ke6 42. Rb5 Ra2 43. Be3 Rxh2 44. Rb6+ Kf7 45. a6 Ra2 46. Rb7+ Kg6 47. a7 h5 48. d5 Be5 49. Rb8 Bxg3 50. a8=Q Rxa8 51. Rxa8 h4 52. Ke2 h3 53. Kf3 Be5 54. Rh8 h2 55. Bf4 Kf6 56. Rxh2 1-0


[Site "https://www.chess.com"]

[Event "Titled Tuesday Blitz February 15 Early 2022"]
[White "Agibileg, Uurtsaikh"]
[Black "Ponkratov, Pavel"]
[WhiteFideId "4901606"]
[BlackFideId "4157800"]
[WhiteElo "2205"]
[BlackElo "2487"]
[Result "0-1"]
[Round "07"]
[TimeControl "180+1"]
[Date "2022.02.15"]
[WhiteClock "0:00:10"]
[BlackClock "0:00:26"]

1. d4 Nf6 2. c4 e5 3. dxe5 Ng4 4. Nf3 Bc5 5. e3 Nc6 6. a3 a5 7. Qd5 Qe7 8. Nc3 O-O 9. Nb5 Bb6 10. c5 Bxc5 11. Nxc7 Rb8 12. Nb5 Ngxe5 13. Nxe5 Nxe5 14. Be2 b6 15. O-O Bb7 16. Qd1 Qg5 17. g3 Qf5 18. f3 Qh3 19. Rf2 Rfe8 20. Nd4 Rbc8 21. b3 Bxd4 22. Qxd4 Rc2 23. Bd2 Qh5 24. e4 d5 25. Bc3 dxe4 26. f4 Rxe2 27. fxe5 Rxf2 28. Qxf2 h6 29. Re1 Re6 30. Qd4 e3 31. Rxe3 Qh3 32. Qd8+ Kh7 33. Qd3+ Rg6 34. Re2 Qe6 35. Qe3 Qd5 36. Kf2 Rc6 37. Bd4 Qh1 38. Qe4+ Qxe4 39. Rxe4 b5 40. Rf4 Kg6 41. Ke3 Rc2 42. Rf2 Rc1 43. Rd2 Rb1 44. Rb2 Re1+ 45. Kf2 Rh1 46. Ke3 Bd5 47. b4 a4 48. Rc2 Bc4 49. Bc5 Re1+ 50. Kf2 Ra1 51. Rc3 Ra2+ 52. Ke3 Rxh2 53. Rc1 Kf5 54. Kd4 Rd2+ 55. Ke3 Rd3+ 56. Kf2 Rxa3 57. Rd1 Kxe5 58. Rd7 Kf5 59. Rc7 Kg6 60. Ra7 Kh7 61. Ra6 Rd3 62. Ra7 h5 63. Kg2 Rd2+ 64. Kf3 Rd3+ 65. Kf4 a3 66. Kg5 Rd5+ 67. Kf4 a2 68. Kf3 Rd3+ 69. Ke4 Rd1 70. Bd4 Kg6 71. Ke5 f6+ 72. Ke4 Re1+ 73. Kf4 Rf1+ 74. Ke3 Kh6 75. Ke4 g6 76. Be3+ g5 77. Bc5 Kg6 78. Bd4 Re1+ 79. Kf3 Rd1 80. Ke3 Rd3+ 81. Ke4 Rxd4+ 82. Kxd4 Kf5 83. Kc3 Kg4 84. Kb2 Kxg3 85. Ra6 f5 86. Rg6 g4 87. Rxg4+ fxg4 88. Ka1 Kf4 89. Kb2 g3 90. Ka1 g2 91. Kb2 a1=Q+ 92. Kxa1 g1=Q+ 93. Kb2 Qe3 94. Ka1 Qd2 95. Kb1 h4 96. Ka1 Qa2# 0-1


[Site "https://www.chess.com"]

[Event "Titled Tuesday Blitz February 15 Early 2022"]
[White "Al Mukhaini, Shima"]
[Black "Ambartsumova, Karina"]
[WhiteFideId "22005854"]
[BlackFideId "4166299"]
[WhiteElo "2405"]
[BlackElo "2262"]
[Result "1-0"]
[Round "07"]
[TimeControl "180+1"]
[Date "2022.02.15"]
[WhiteClock "0:00:15"]
[BlackClock "0:00:02"]

1. d4 Nf6 2. c4 e6 3. Nc3 d5 4. e3 Bb4 5. Bd2 O-O 6. a3 Be7 7. Nf3 c5 8. cxd5 cxd4 9. Nxd4 Nxd5 10. Nxd5 Qxd5 11. Bc3 a6 12. Be2 Nc6 13. Bf3 Qc4 14. Nxc6 bxc6 15. Rc1 Rd8 16. Qe2 Qxe2+ 17. Kxe2 Bb7 18. Ba5 Rd7 19. Bxc6 Bxc6 20. Rxc6 Bf6 21. Bc3 Bxc3 22. Rxc3 Kf8 23. Rd1 Ke7 24. Rxd7+ Kxd7 25. Kd3 Rb8 26. b4 h5 27. Kc4 Rb5 28. a4 Rg5 29. g3 h4 30. b5 axb5+ 31. axb5 hxg3 32. hxg3 Kc7 33. Kb4+ Kb7 34. Rd3 Rf5 35. f4 Kb6 36. Rd6+ Kc7 37. Rc6+ Kb7 38. Ka5 g5 39. Rd6 gxf4 40. gxf4 Kc7 41. Rd3 Rh5 42. Ka6 Rc5 43. b6+ Kc6 44. b7 Rc1 45. Ra3 1-0


[Site "https://www.chess.com"]

[Event "Titled Tuesday Blitz February 15 Early 2022"]
[White "Alavi, Sayed Javad"]
[Black "Hirneise, Jens"]
[WhiteFideId "12500607"]
[BlackFideId "24614734"]
[WhiteElo "2475"]
[BlackElo "2323"]
[Result "1-0"]
[Round "07"]
[TimeControl "180+1"]
[Date "2022.02.15"]
[WhiteClock "0:00:14"]
[BlackClock "0:00:03"]

1. d4 d5 2. Nf3 Nf6 3. Bf4 e6 4. e3 Bd6 5. Bg3 c5 6. dxc5 Bxg3 7. hxg3 Qa5+ 8. Nbd2 Qxc5 9. c4 Nc6 10. a3 dxc4 11. Nxc4 O-O 12. b4 Qe7 13. Qd6 Rd8 14. Qxe7 Nxe7 15. Nce5 Bd7 16. Nxd7 Rxd7 17. Bb5 Rc7 18. O-O a6 19. Bd3 Rac8 20. Rfd1 Ned5 21. Ne5 g6 22. Kh2 Kg7 23. g4 h6 24. Kg3 Nc3 25. Re1 Nfe4+ 26. Bxe4 Nxe4+ 27. Kf3 Nd2+ 28. Kg3 Rc2 29. f3 R8c3 30. Nd7 Nc4 31. e4 Rxa3 32. Nc5 Rxa1 33. Rxa1 Ne3 34. Nxb7 Rxg2+ 35. Kh3 Rb2 36. Rxa6 Rxb4 37. Nd6 Nc4 38. Ne8+ Kf8 39. Nf6 Rb3 40. Kg3 Ne5 41. Kf4 Nd3+ 42. Kg3 Kg7 43. Ne8+ Kf8 44. Ra8 Ke7 45. Nc7 Ne5 46. Ra7 Rxf3+ 47. Kg2 Kf6 48. Ne8+ Kg5 49. Ra5 f6 50. Rxe5+ fxe5 51. Kxf3 h5 52. gxh5 gxh5 53. Nd6 h4 54. Nf7+ Kf6 55. Nh6 Kg5 56. Ng4 h3 57. Nh2 Kh4 58. Kf2 Kg5 59. Kg3 Kh5 60. Nf3 h2 61. Nxh2 Kg5 62. Nf3+ Kf6 63. Kg4 Ke7 64. Nxe5 1-0


[Site "https://www.chess.com"]

[Event "Titled Tuesday Blitz February 15 Early 2022"]
[White "Allahverdiyeva, Ayan"]
[Black "Komissarov, Alexey"]
[WhiteFideId "13412590"]
[BlackFideId "4176545"]
[WhiteElo "1910"]
[BlackElo "2216"]
[Result "1-0"]
[Round "07"]
[TimeControl "180+1"]
[Date "2022.02.15"]
[WhiteClock "0:00:10"]
[BlackClock "0:00:01"]

1. e4 e5 2. Nf3 Nc6 3. Bb5 Nd4 4. Nxd4 exd4 5. d3 c6 6. Bc4 Nf6 7. e5 Qa5+ 8. Kf1 Qxe5 9. f3 d5 10. Kf2 Be6 11. Bb3 O-O-O 12. Qd2 Bd6 13. Qg5 h6 14. Qxe5 Bxe5 15. g3 Rhe8 16. a4 Bd6 17. a5 a6 18. Ra4 Nd7 19. Bd2 Nc5 20. Rb4 Bd7 21. Ba2 Ne6 22. Rb6 Bc7 23. Rb3 Nc5 24. Ra3 Bd6 25. Re1 Rxe1 26. Bxe1 Re8 27. Nd2 h5 28. Nb3 h4 29. Nxd4 hxg3+ 30. hxg3 Rh8 31. f4 Rh2+ 32. Kf3 Rh1 33. Bf2 Rf1 34. Kg2 Rc1 35. Bb3 Ne6 36. Ra2 Nxd4 37. Bxd4 1-0


[Site "https://www.chess.com"]

[Event "Titled Tuesday Blitz February 15 Early 2022"]
[White "Al-Tarboush, Ward"]
[Black "Osmonbekov, Talaibek"]
[WhiteFideId "7601450"]
[BlackFideId "2017253"]
[WhiteElo "2276"]
[BlackElo "2135"]
[Result "1-0"]
[Round "07"]
[TimeControl "180+1"]
[Date "2022.02.15"]
[WhiteClock "0:02:08"]
[BlackClock "0:00:05"]

1. e4 c5 2. Nf3 d6 3. d4 cxd4 4. Nxd4 Nf6 5. Nc3 g6 6. Be2 Bg7 7. O-O O-O 8. Be3 Nc6 9. h3 Bd7 10. Qd2 Re8 11. Rad1 Rc8 12. f4 Qa5 13. Nb3 Qc7 14. Bf3 a6 15. a4 Red8 16. Rfe1 Na5 17. Nxa5 Qxa5 18. Qf2 Re8 19. e5 Bxa4 20. Bb6 Qb4 21. exf6 Bxf6 22. Nd5 Qxb2 23. Nxf6+ Qxf6 24. Bd4 e5 25. Ba1 Rxc2 26. fxe5 dxe5 27. Qg3 Rc5 28. Rc1 Rxc1 29. Rxc1 Bc6 30. Bxc6 bxc6 31. Re1 Qf5 32. Bxe5 h5 33. Qc3 f6 34. Bd4 Rxe1+ 35. Qxe1 Kf7 36. Qe2 Qd5 37. Bb2 Qb5 38. Qf2 a5 39. Qxf6+ Ke8 40. Qxg6+ Kd7 41. Qf7+ Kd6 42. Ba3+ Ke5 43. Qxh5+ Kd4 44. Qg4+ Kc3 45. Qf3+ Kd2 46. h4 a4 47. h5 Qb3 48. Qxb3 axb3 49. h6 c5 50. h7 c4 51. h8=Q c3 52. Qd4+ Kc2 53. Bb4 b2 54. Qxc3+ Kb1 55. Ba3 1-0


[Site "https://www.chess.com"]